 Dungeon Crawl Stone Soup version 0.28-a0-883-gc8d7bad45d (webtiles) character file.

Game seed: 6342155226199447864

11 ytrimaz the Skirmisher (level 2, -12/24 HPs)
             Began as a Demonspawn Fighter on Nov 22, 2021.
             Killed by an exploding dart slug (29 damage)
             ... ignited by their inner flame
             ... on level 1 of the Dungeon.
             The game lasted 00:01:09 (591 turns).

ytrimaz the Skirmisher (Demonspawn Fighter)          Turns: 591, Time: 00:01:10

Health: -12/24     AC:  8    Str: 16    XL:     2   Next: 13%
Magic:  2/2        EV:  9    Int:  9    God:
Gold:   22         SH:  4    Dex: 12    Spells: 1/1 levels left

rFire   . . .      SeeInvis .   a - +0 war axe
rCold   . . .      Faith    .   c - +0 buckler
rNeg    . . .      Spirit   .   b - +0 scale mail
rPois   .          Reflect  .   (no helmet)
rElec   .          Harm     .   (no cloak)
rCorr   .          Rampage  .   (no gloves)
Will    .....                   (no boots)
Stlth   ..........              (no amulet)
HPRegen 0.08/turn               (no ring)
MPRegen 0.08/turn               (no ring)

@: no status effects
A: molten scales 1
a: no special abilities


You were on level 1 of the Dungeon.
You visited 1 branch of the dungeon, and saw 1 of its levels.

You collected 22 gold pieces.

Inventory:

Hand Weapons
 a - a +0 war axe (weapon)
Armour
 b - a +0 scale mail (worn)
 c - a +0 buckler (worn)
Jewellery
 e - a +6 ring of strength
 g - a ring of fire
Potions
 d - a potion of might


   Skills:
 + Level 3.1 Fighting
 + Level 1.8 Axes
 + Level 3.0 Armour
 + Level 2.8 Shields


You had one spell level left.
You didn't know any spells.
Your spell library was empty.

Dungeon Overview and Level Annotations

Branches:
Dungeon (1/15)

Altars:


Innate Abilities, Weirdness & Mutations

You are partially covered in molten scales. (AC +2)


Message History

The bat closely misses you. The bat hits you but does no damage.
The bat barely misses you.
You closely miss the bat.
The bat is moderately wounded.
You block the bat's attack. The bat closely misses you.
The bat hits you but does no damage.
You barely miss the bat.
The bat is moderately wounded.
The bat barely misses you.
Found a spear.
The bat hits you but does no damage.
You closely miss the bat. You block the bat's attack. x2
You hit the bat.
You kill the bat!
Your Armour skill increases to level 3!
You see here a +0 spear.
g - a ring of fire
Things that are here:
a +0 dagger; 2 stones; a kobold corpse
Found a stone staircase leading down.
h - a scroll labelled DOGIAHUAC A dart slug comes into view.
A dart slug is nearby!
A dart slug is nearby!
As you read the scroll labelled YKHENE VYEN, it crumbles to dust.
It is a scroll of amnesia.
You feel forgetful for a moment.
As you read the scroll labelled DOGIAHUAC, it crumbles to dust.
The creatures around you are filled with an inner flame!
It was a scroll of immolation.
The dart slug launches a dart at you. The slug dart hits you.
Unknown command.
The dart slug bites you.
You hit the dart slug.
Flame seeps out of the dart slug.
The dart slug is moderately wounded.
The dart slug is engulfed in blazing flames.
The dart slug explodes!
The fiery explosion engulfs you!!
Ouch! That really hurt!
You die...

### ... .. #.#
.. #.# #...
#.# ##... #§#
#.... #○#
#..#. #@#
#.... #.# ....
#.##### #..
#.....# #..
#####.#
#######.(
#.####.......#
#......#######
#.............
#....>.#######


There were no monsters in sight!

Vanquished Creatures
  A dart slug (D:1)
  2 bats (D:1)
  An endoplasm (D:1)
  A giant cockroach (D:1)
  2 goblins (D:1)
  2 ball pythons (D:1)
  A kobold (D:1)
10 creatures vanquished.

Notes
Turn   | Place    | Note
-------+----------+-------------------------------------------
     0 | D:1      | ytrimaz the Demonspawn Fighter began the quest for the Orb.
     0 | D:1      | Reached XP level 1. HP: 18/18 MP: 1/1
   356 | D:1      | Gained mutation: You are partially covered in molten
                  | scales. (AC +2) [demonic ancestry]
   356 | D:1      | Reached XP level 2. HP: 10/24 MP: 2/2
   591 | D:1      | Killed by an exploding dart slug... ignited by their inner
                  | flame

Illustrated notes

Levels and vault maps discovered:
D:1:      dpeg_arrival_rooms_a, layout_basic, minivault_27

Skill      XL: |  1  2 |
---------------+-------+-----
Armour         | 3 |  3.0
Fighting       | |  3.1
Axes           | |  1.8
Shields        | |  2.8

Action                   || total
-------------------------++-------
Melee: War axe           ||    34
  Use: Scroll            ||     2
Armor: Scale mail        ||    28
Dodge: Dodged            ||    22
Block: Buckler           ||    20

Table legend: (Time is in decaauts)
 A = Elapsed time spent in this place.
 B = Non-inter-level travel time spent in this place.
 C = Inter-level travel time spent in this place.
 D = Time resting spent in this place.
 E = Time spent auto-exploring this place.
 F = Levels seen in this place.
 G = Mean time per level.
                   A        B        C        D        E       F      G
               +--------+--------+--------+--------+--------+-----+--------+
         Total |    605 |    605 |      0 |      0 |    486 |   1 |  605.0 |
       Dungeon |    605 |    605 |      0 |      0 |    486 |   1 |  605.0 |
               +--------+--------+--------+--------+--------+-----+--------+

Top non-repeatable levels by time:
     D:1: 605 daAuts
